 Dungeon Crawl Stone Soup version 0.23.2-33-g5129a83184 (webtiles) character file.

Game seed: 13274583834573089325

13060 troglodite the Fighter (level 12, -4/105 HPs)
             Began as a Gnoll Wanderer on July 22, 2019.
             Was a Believer of Ashenzari.
             Shot with an arrow by Nessos (9 damage)
             ... on level 1 of the Orcish Mines.
             The game lasted 00:39:18 (16402 turns).

troglodite the Fighter (Gnoll Wanderer)            Turns: 16402, Time: 00:39:18

Health: -4/105     AC: 21    Str: 15    XL:     12   Next: 2%
Magic:  22/22      EV: 11    Int: 15    God:    Ashenzari [**....]
Gold:   1036       SH:  7    Dex: 23    Spells: 23/24 levels left

rFire    . . .     SeeInvis +   p - +4 scimitar (flame)
rCold    . . .     Gourm    .   G - +0 buckler
rNeg     . . .     Faith    .   K - +6 chain mail of the Thoughtful Queens {Int+2 Dex+2}
rPois    .         Spirit   .   (no helmet)
rElec    .         Reflect  .   (no cloak)
rCorr    .         Harm     .   i - +2 pair of gloves (curse)
MR       .....                  z - +0 pair of boots
Stlth    +.........             x - amulet of regeneration
HPRegen  0.67/turn              s - ring of see invisible
MPRegen  0.18/turn              (no ring)

@: lethally poisoned (-4 -> -37)
A: distributed training, fangs 1, strong nose
a: Curse Item, Scrying, Renounce Religion


You were on level 1 of the Orcish Mines.
You worshipped Ashenzari.
Ashenzari was pleased with you.
You were hungry.

You visited 3 branches of the dungeon, and saw 14 of its levels.

You collected 1036 gold pieces.

Inventory:

Hand Weapons
 e - a +2 dagger of venom
 p - a +4 scimitar of flaming (weapon)
Armour
 i - a cursed +2 pair of gloves (worn)
 z - a +0 pair of boots (worn)
 G - a +0 buckler (worn)
 K - the +6 chain mail of the Thoughtful Queens (worn) {Int+2 Dex+2}
   (You took it off an orc on level 9 of the Dungeon)

   It affects your intelligence (+2).
   It affects your dexterity (+2).
Magical Staves
 y - an uncursed staff of conjuration
Jewellery
 s - a ring of see invisible (left hand)
 x - an amulet of regeneration (around neck)
Wands
 a - a wand of random effects (15)
 r - a wand of acid (4)
 w - a wand of disintegration (10)
 A - a wand of scattershot (5)
Scrolls
 b - a scroll of summoning {unknown}
 g - 2 scrolls of amnesia
 h - 2 scrolls of blinking {unknown}
 j - 2 scrolls of random uselessness {unknown}
 k - 2 scrolls of immolation {unknown}
 l - 8 scrolls of teleportation
 n - a scroll of identify
 o - a scroll of enchant armour {unknown}
 q - 4 scrolls of fear {unknown}
 v - a scroll of torment {unknown}
 E - a scroll of magic mapping {unknown}
 I - a scroll of fog {unknown}
Potions
 c - 2 potions of brilliance
 f - 2 potions of haste
 m - a potion of mutation
 t - 2 potions of flight
 u - a potion of ambrosia
 D - a potion of might
 F - a potion of agility
 H - a potion of lignification
 J - 2 potions of magic
Comestibles
 d - 17 rations


   Skills:
 + Level 13.4 Fighting
 + Level 6.7 Short Blades
 + Level 6.7 Long Blades
 + Level 6.7 Axes
 + Level 6.7 Maces & Flails
 + Level 6.7 Polearms
 + Level 6.7 Staves
 + Level 6.7 Slings
 + Level 6.7 Bows
 + Level 6.7 Crossbows
 + Level 7.2 Throwing
 + Level 8.2 Armour
 + Level 6.7 Dodging
 + Level 7.2 Stealth
 + Level 6.7 Shields
 + Level 6.7 Unarmed Combat
 + Level 6.7 Spellcasting
 + Level 5.5 Conjurations
 + Level 5.5 Hexes
 + Level 5.5 Charms
 + Level 5.5 Summonings
 + Level 5.5 Necromancy
 + Level 5.5 Translocations
 + Level 5.5 Transmutations
 + Level 5.5 Fire Magic
 + Level 5.5 Ice Magic
 + Level 5.5 Air Magic
 + Level 5.5 Earth Magic
 + Level 5.5 Poison Magic
 + Level 7.4 Invocations
 + Level 6.7 Evocations


You had 23 spell levels left.
You knew the following spells:

 Your Spells              Type           Power        Failure   Level  Hunger
a - Magic Dart            Conj           ###.         19%         1    None

Your spell library contained the following spells:

 Spells                   Type           Power        Failure   Level  Hunger
 Animate Skeleton         Necr           N/A          19%         1    None
 Apportation              Tloc           ###...       19%         1    None
 Confusing Touch          Hex            ###...       19%         1    None
 Infusion                 Chrm           ###.         19%         1    None
 Summon Small Mammal      Summ           ###.         19%         1    None
 Searing Ray              Conj           ###...       28%         2    None
 Shroud of Golubria       Chrm/Tloc      ###.......   28%         2    None
 Song of Slaying          Chrm           ###.....     28%         2    None
 Dazzling Spray           Conj/Hex       ###...       50%         3    ##.....
 Regeneration             Chrm/Necr      ###.......   50%         3    ##.....
 Spectral Weapon          Hex/Chrm       ###.....     50%         3    ##.....
 Cause Fear               Hex            ###.......   88%         4    ####...
 Force Lance              Conj/Tloc      ###.....     88%         4    ####...
 Fulminant Prism          Conj/Hex       ###.......   88%         4    ####...
 Iskenderun's Mystic Bla  Conj           ###.....     88%         4    ####...
 Silence                  Hex/Air        ###.......   99%         5    #####..
 Yara's Violent Unravell  Hex/Tmut       ###.......   99%         5    #####..
 Deflect Missiles         Chrm/Air       ###.......   100%        6    #######
 Discord                  Hex            ###.......   100%        8    #######


Dungeon Overview and Level Annotations

Branches:
Dungeon (11/15)            Temple (1/1) D:7            Lair (0/6) D:11
    Orc (2/2) D:9
    Elf: Orc:2

Altars:
Ashenzari
Cheibriados
Dithmenos
Elyvilon
Fedhas
Gozag
Hepliaklqana
Kikubaaqudgha
Makhleb
Nemelex Xobeh
Okawaru
Qazlal
Ru
Sif Muna
Trog
Uskayaw
Vehumet
Wu Jian
Xom
Yredelemnul
Zin
The Shining One

Shops:
D:10 [

Annotations:
Orc:1 Nessos


Innate Abilities, Weirdness & Mutations

Your experience applies equally to all skills.
You have very sharp teeth.
Your uncanny sense of smell can sniff out nearby items.


Message History

You feel much better.
You feel sick.
Nessos shoots an arrow.
The arrow hits you. The arrow burns you.
You feel sick.
Nessos blinks!
Nessos shoots an arrow.
You block the arrow.
You see here 2 arrows.
You feel sick.
Nessos shoots an arrow.
The arrow hits you!
* * * LOW HITPOINT WARNING * * *
The arrow burns you.
You are more poisoned.
* * * LOW HITPOINT WARNING * * *
Nessos shoots an arrow.
You block the arrow.
You see here an arrow.
You feel very sick.
Nessos shoots an arrow.
The arrow completely misses you.
Nessos shoots an arrow.
You block the arrow.
You see here an arrow.
You feel sick.
Nessos shoots an arrow.
The arrow hits you!!
* * * LOW HITPOINT WARNING * * *
The arrow burns you!
You are more poisoned.
You die...

##...###.(......##..#
#....# #.(......#.#..
###...## ##.....#####..
#.#....####.......#.#..
##......##........#....
####.<[#....#.........
#.##[....###.....#..
####(..#######..####
#@..(...# #...#
#####(.....## ##..#
##.#((.#.....### ####
##..#(>.##....#.###
#...(...####......#
##......##.#.....## ,
###..c.......#.## *
##.........### , , *
##........#


You could see Nessos.

Vanquished Creatures
  Erica (D:8)
  3 two-headed ogres
  An orc high priest (Orc:1)
  Psyche (D:11)
  5 trolls
  2 hippogriffs
  Sigmund (D:3)
  2 wyverns
  9 yaks
  A hungry ghost (D:10)
  A warg (D:9)
  A water moccasin (D:8)
  Duvessa (D:7)
  5 sky beasts
  2 ice beasts
  A phantom (D:8)
  2 black bears (D:7)
  6 ogres
  2 necrophages
  10 orc warriors
  An eye of draining (D:10)
  4 wolves
  A centaur (D:8)
  11 bullfrogs
  A water moccasin zombie (D:9)
  Dowan (D:7)
  2 scorpions (D:5)
  5 wights
  4 electric eels (D:11)
  2 howler monkeys (D:5)
  2 crimson imps
  A bullfrog zombie (D:10)
  6 hounds
  3 jellies
  3 bullfrog skeletons
  4 orc priests
  2 centaur skeletons (D:5)
  Jessica (D:3)
  4 iguanas
  12 orc wizards
  12 worker ants
  2 hound zombies
  A worker ant zombie (D:10)
  A howler monkey zombie (D:5)
  A howler monkey skeleton (D:4)
  10 adders
  2 shadow imps
  An ooze (D:1)
  3 adder skeletons
  5 worms
  2 dart slugs
  3 leopard geckos
  39 orcs
  10 bats
  5 giant cockroaches
  8 goblins
  9 hobgoblins
  15 jackals
  9 kobolds
  5 quokkas
  8 frilled lizards
  2 jackal skeletons (D:7)
  A quokka skeleton (D:5)
  5 rats
286 creatures vanquished.

Notes
Turn   | Place    | Note
-------+----------+-------------------------------------------
     0 | D:1      | Reached skill level 12 in Fighting
     0 | D:1      | troglodite the Gnoll Wanderer began the quest for the Orb.
     0 | D:1      | troglodite set off with the following items: a +2 spear, a
                  | +0 ring mail, a potion of curing, a ration
     0 | D:1      | Reached XP level 1. HP: 31/31 MP: 1/1
    61 | D:1      | Reached XP level 2. HP: 23/38 MP: 2/2
   602 | D:1      | Reached XP level 3. HP: 32/44 MP: 3/3
  1119 | D:2      | Reached skill level 1 in Invocations
  1150 | D:2      | Reached skill level 1 in Short Blades
  1150 | D:2      | Reached skill level 1 in Long Blades
  1150 | D:2      | Reached skill level 1 in Axes
  1150 | D:2      | Reached skill level 1 in Maces & Flails
  1150 | D:2      | Reached skill level 1 in Polearms
  1150 | D:2      | Reached skill level 1 in Staves
  1150 | D:2      | Reached skill level 1 in Slings
  1150 | D:2      | Reached skill level 1 in Bows
  1150 | D:2      | Reached skill level 1 in Crossbows
  1150 | D:2      | Reached skill level 1 in Dodging
  1150 | D:2      | Reached skill level 1 in Shields
  1150 | D:2      | Reached skill level 1 in Unarmed Combat
  1150 | D:2      | Reached skill level 1 in Spellcasting
  1150 | D:2      | Reached skill level 1 in Evocations
  1193 | D:2      | Reached XP level 4. HP: 51/51 MP: 5/5
  1722 | D:3      | Noticed Jessica
  1754 | D:3      | HP: 2/51 [Jessica/nerve-wracking pain (13)]
  1762 | D:3      | Killed Jessica
  1762 | D:3      | Reached skill level 1 in Conjurations
  1762 | D:3      | Reached skill level 1 in Hexes
  1762 | D:3      | Reached skill level 1 in Charms
  1762 | D:3      | Reached skill level 1 in Summonings
  1762 | D:3      | Reached skill level 1 in Necromancy
  1762 | D:3      | Reached skill level 1 in Translocations
  1762 | D:3      | Reached skill level 1 in Transmutations
  1762 | D:3      | Reached skill level 1 in Fire Magic
  1762 | D:3      | Reached skill level 1 in Ice Magic
  1762 | D:3      | Reached skill level 1 in Air Magic
  1762 | D:3      | Reached skill level 1 in Earth Magic
  1762 | D:3      | Reached skill level 1 in Poison Magic
  2106 | D:3      | Found a snail-covered altar of Cheibriados.
  2117 | D:3      | Reached XP level 5. HP: 57/57 MP: 6/6
  2317 | D:3      | Found an iron altar of Okawaru.
  2318 | D:3      | Noticed Sigmund
  2333 | D:3      | Killed Sigmund
  2333 | D:3      | Reached XP level 6. HP: 30/64 MP: 6/8
  2899 | D:4      | Reached skill level 5 in Armour
  3175 | D:4      | Found an ornate altar of the Wu Jian Council.
  3706 | D:5      | Entered Level 5 of the Dungeon
  3741 | D:5      | Reached XP level 7. HP: 66/70 MP: 10/10
  4747 | D:5      | Reached XP level 8. HP: 73/76 MP: 12/12
  4748 | D:5      | Found a basalt altar of Yredelemnul.
  4749 | D:5      | Found an opulent altar of Gozag.
  4750 | D:5      | Found a shattered altar of Ashenzari.
  4750 | D:5      | Found a stormy altar of Qazlal.
  4751 | D:5      | Found a burning altar of Makhleb.
  4751 | D:5      | Found a radiant altar of Vehumet.
  4781 | D:5      | Became a worshipper of Ashenzari the Shackled
  5103 | D:6      | Found a bloodstained altar of Trog.
  6005 | D:6      | Found a hazy altar of Hepliaklqana.
  6852 | D:6      | Reached XP level 9. HP: 27/83 MP: 14/14
  7970 | D:7      | Reached skill level 5 in Throwing
  8064 | D:7      | Found a staircase to the Ecumenical Temple.
  8080 | Temple   | Entered the Ecumenical Temple
  8495 | D:7      | Reached skill level 5 in Stealth
  8822 | D:7      | Noticed Dowan
  8823 | D:7      | Noticed Duvessa
  8852 | D:7      | Killed Duvessa
  8864 | D:7      | Killed Dowan
  9290 | D:7      | Reached * piety under Ashenzari
  9778 | D:8      | Reached skill level 5 in Invocations
 10328 | D:8      | Reached XP level 10. HP: 75/89 MP: 17/17
 10545 | D:8      | Noticed Erica
 10571 | D:8      | HP: 4/89 [Erica/+4 scimitar of flaming (5)]
 10573 | D:8      | Killed Erica
 10573 | D:8      | Reached skill level 5 in Short Blades
 10573 | D:8      | Reached skill level 5 in Long Blades
 10573 | D:8      | Reached skill level 5 in Axes
 10573 | D:8      | Reached skill level 5 in Maces & Flails
 10573 | D:8      | Reached skill level 5 in Polearms
 10573 | D:8      | Reached skill level 5 in Staves
 10573 | D:8      | Reached skill level 5 in Slings
 10573 | D:8      | Reached skill level 5 in Bows
 10573 | D:8      | Reached skill level 5 in Crossbows
 10573 | D:8      | Reached skill level 5 in Dodging
 10573 | D:8      | Reached skill level 5 in Shields
 10573 | D:8      | Reached skill level 5 in Unarmed Combat
 10573 | D:8      | Reached skill level 5 in Spellcasting
 10573 | D:8      | Reached skill level 5 in Evocations
 11726 | D:9      | Reached skill level 13 in Fighting
 11975 | D:9      | Found a hide-covered altar of Uskayaw.
 11988 | D:9      | Found a glowing silver altar of Zin.
 12262 | D:9      | Found a staircase to the Orcish Mines.
 12312 | D:9      | Identified the +6 chain mail of the Thoughtful Queens
                  | {Int+2 Dex+2}
 12377 | D:9      | Noticed a two-headed ogre
 12539 | D:9      | Killed a two-headed ogre
 12827 | D:10     | Entered Level 10 of the Dungeon
 12884 | D:10     | Reached XP level 11. HP: 98/98 MP: 7/19
 13203 | D:10     | Noticed a two-headed ogre
 13252 | D:10     | Killed a two-headed ogre
 13256 | D:10     | Reached skill level 5 in Conjurations
 13256 | D:10     | Reached skill level 5 in Hexes
 13256 | D:10     | Reached skill level 5 in Charms
 13256 | D:10     | Reached skill level 5 in Summonings
 13256 | D:10     | Reached skill level 5 in Necromancy
 13256 | D:10     | Reached skill level 5 in Translocations
 13256 | D:10     | Reached skill level 5 in Transmutations
 13256 | D:10     | Reached skill level 5 in Fire Magic
 13256 | D:10     | Reached skill level 5 in Ice Magic
 13256 | D:10     | Reached skill level 5 in Air Magic
 13256 | D:10     | Reached skill level 5 in Earth Magic
 13256 | D:10     | Reached skill level 5 in Poison Magic
 13678 | D:10     | Found a shadowy altar of Dithmenos.
 13682 | D:10     | Found Igguraenn's Armour Emporium.
 14057 | D:11     | Noticed Psyche
 14679 | D:11     | Killed Psyche
 14822 | D:11     | Noticed a two-headed ogre
 14835 | D:11     | Killed a two-headed ogre
 15231 | D:11     | Learned a level 1 spell: Magic Dart
 15628 | D:11     | Found a staircase to the Lair.
 15674 | D:11     | Reached ** piety under Ashenzari
 15855 | Orc:1    | Entered Level 1 of the Orcish Mines
 15889 | Orc:1    | Noticed an orc high priest
 16119 | Orc:1    | Killed an orc high priest
 16119 | Orc:1    | Reached XP level 12. HP: 61/105 MP: 20/22
 16382 | Orc:2    | Entered Level 2 of the Orcish Mines
 16382 | Orc:2    | Noticed Nessos
 16402 | Orc:1    | HP: 5/105 [Nessos/arrow (19)]
 16402 | Orc:1    | Shot with an arrow by Nessos

Skill      XL: |  1  2  3  4  5  6  7  8  9 10 11 |
---------------+----------------------------------+-----
Fighting       | 13 | 13.4
Invocations    | 1 2 3 4 5 6 7 |  7.4
Short Blades   | 1 2 3 4 5 6 |  6.7
Long Blades    | 1 2 3 4 5 6 |  6.7
Axes           | 1 2 3 4 5 6 |  6.7
Maces & Flails | 1 2 3 4 5 6 |  6.7
Polearms       | 1 2 3 4 5 6 |  6.7
Staves         | 1 2 3 4 5 6 |  6.7
Slings         | 1 2 3 4 5 6 |  6.7
Bows           | 1 2 3 4 5 6 |  6.7
Crossbows      | 1 2 3 4 5 6 |  6.7
Dodging        | 1 2 3 4 5 6 |  6.7
Shields        | 1 2 3 4 5 6 |  6.7
Unarmed Combat | 1 2 3 4 5 6 |  6.7
Spellcasting   | 1 2 3 4 5 6 |  6.7
Evocations     | 1 2 3 4 5 6 |  6.7
Conjurations   | 1 2 3 4 5 |  5.5
Hexes          | 1 2 3 4 5 |  5.5
Charms         | 1 2 3 4 5 |  5.5
Summonings     | 1 2 3 4 5 |  5.5
Necromancy     | 1 2 3 4 5 |  5.5
Translocations | 1 2 3 4 5 |  5.5
Transmutations | 1 2 3 4 5 |  5.5
Fire Magic     | 1 2 3 4 5 |  5.5
Ice Magic      | 1 2 3 4 5 |  5.5
Air Magic      | 1 2 3 4 5 |  5.5
Earth Magic    | 1 2 3 4 5 |  5.5
Poison Magic   | 1 2 3 4 5 |  5.5
Throwing       | 3 4 5 6 7 |  7.2
Stealth        | 3 4 5 6 7 |  7.2
Armour         | 5 6 7 8 |  8.2

Action                   |  1- 3 |  4- 6 |  7- 9 | 10-12 || total
-------------------------+-------+-------+-------+-------++-------
Melee: Spear             |    15 |       |       |       ||    15
       Bite              |    14 |    18 |    98 |    88 ||   218
       Dagger            |    84 |   155 |   592 |    38 ||   869
       Punch             |       |       |     2 |     1 ||     3
       Scimitar          |       |       |       |   391 ||   391
 Cast: Magic Dart        |       |       |       |    20 ||    20
Invok: Curse Item        |       |       |     1 |       ||     1
Evoke: Wand              |       |       |       |     5 ||     5
  Use: Potion            |       |     2 |     1 |     2 ||     5
       Scroll            |       |     4 |     5 |     4 ||    13
 Stab: Sleeping          |     1 |     3 |       |       ||     4
  Eat: Chunk             |     1 |     5 |    14 |    21 ||    41
       Ration            |       |     1 |     2 |       ||     3
Armor: Ring mail         |    53 |    63 |       |       ||   116
       Skin              |       |     5 |       |       ||     5
       Chain mail        |       |     6 |   344 |   223 ||   573
       Plate armour      |       |     1 |       |       ||     1
Dodge: Dodged            |    77 |    92 |   209 |   238 ||   616
Block: Buckler           |       |       |       |   139 ||   139
       Rpst.: Scimitar   |       |       |       |    67 ||    67
